 Dungeon Crawl Stone Soup version 0.21.1-1-g345015f (console) character file.

51310 fly the Quickloader (level 14, -2/118 HPs)
             Began as a Centaur Hunter on May 1, 2018.
             Was the Champion of Okawaru.
             Slain by an orc warrior
             ... wielding a +0 hand axe
              (5 damage)
             ... while paralysed by an orc sorcerer
             ... on level 1 of the Orcish Mines on May 2, 2018.
             The game lasted 01:27:57 (28994 turns).

fly the Quickloader (Centaur Hunter)               Turns: 28994, Time: 01:27:57

Health: -2/118     AC: 10    Str: 20    XL:     14   Next: 23%
Magic:  33/33      EV:  1    Int: 10    God:    Okawaru [******]
Gold:   1538       SH:  0    Dex: 19    Spells: 15/27 levels left

rFire    + . .     SeeInvis .   a - +7 quarterstaff {elec, +Fly rF+ Dex+3}
rCold    . . .     Gourm    .   (shield currently unavailable)
rNeg     . . .     Faith    .   y - +0 ring mail "Vabetzeg" {Str+6 Stlth+}
rPois    .         Spirit   .   e - +1 helmet
rElec    .         Reflect  +   q - scarf {repulsion}
rCorr    .         Harm     .   (no gloves)
MR       +....                  (no barding)
Stlth    ++........             P - +4 amulet of reflection
HPRegen  0.29/turn              u - ring of magical power
MPRegen  0.23/turn              h - +1 ring of protection

@: paralysed, repel missiles, very quick
A: large, hooves 3, deformed body, speed 2, tough skin 3
a: Heroism, Finesse, Renounce Religion, Evoke Flight


You were on level 1 of the Orcish Mines.
You worshipped Okawaru.
Okawaru was exalted by your worship.
You were not hungry.

You visited 4 branches of the dungeon, and saw 20 of its levels.
You also visited: Bailey.

You collected 1848 gold pieces.
You spent 310 gold pieces at shops.

Inventory:

Hand Weapons
 a - the +7 quarterstaff of Subterfuge (weapon) {elec, +Fly rF+ Dex+3}
   (Okawaru gifted it to you on level 4 of the Lair of Beasts)

   Occasionally, upon striking a foe, it will discharge some electrical energy
   and cause terrible harm.
   It affects your dexterity (+3).
   It protects you from fire.
   It lets you fly.
 b - the +6 triple crossbow "Jellyslayer" {venom, +Blink}
   (Okawaru gifted it to you on level 6 of the Lair of Beasts)

   It poisons the ammo it fires.
   It lets you blink.
 c - the +3 triple crossbow of Zacvus {freeze, -Tele rPois Str+9 Stlth+}
   (Okawaru gifted it to you on level 6 of the Lair of Beasts)

   It causes projectiles fired from it to freeze those they strike, causing
   extra injury to most foes and up to half again as much damage against
   particularly susceptible opponents.
   They can also slow down cold-blooded creatures.
   It affects your strength (+9).
   It protects you from poison.
   It prevents most forms of teleportation.
   It makes you more stealthy.
Missiles
 O - 142 bolts
Armour
 e - a +1 helmet (worn)
 q - a scarf of repulsion (worn)
 y - the +0 ring mail "Vabetzeg" (worn) {Str+6 Stlth+}
   (You found it in a bailey)

   It affects your strength (+6).
   It makes you more stealthy.
Jewellery
 h - a +1 ring of protection (right hand)
 t - an uncursed ring of fire
 u - a ring of magical power (left hand)
 P - a +4 amulet of reflection (around neck)
Wands
 n - a wand of enslavement (17)
 s - a wand of polymorph (24)
 z - a wand of digging (23)
 G - a wand of clouds (6)
 J - a wand of iceblast (11)
 M - a wand of acid (6)
 R - a wand of flame (28)
Scrolls
 g - 6 scrolls of magic mapping
 i - 3 scrolls of teleportation
 B - 4 scrolls of fear
 H - 4 scrolls of fog
 I - 3 scrolls of immolation
 K - a scroll of blinking
Potions
 l - 4 potions of heal wounds
 m - 4 potions of curing
 r - 4 potions of lignification
 v - 3 potions of ambrosia
 w - 3 potions of cancellation
 A - a potion of invisibility {unknown}
 C - 5 potions of haste
 F - 2 potions of flight
Comestibles
 f - 35 rations


   Skills:
 - Level 9.0 Fighting
 - Level 3.0 Staves
 - Level 12.0 Crossbows
 - Level 9.0 Armour
 - Level 7.0 Dodging
 - Level 0.4 Stealth
 + Level 7.1 Spellcasting
 - Level 6.0 Conjurations
 + Level 7.6 Air Magic
 - Level 7.0 Invocations


You had 15 spell levels left.
You knew the following spells:

 Your Spells              Type           Power        Failure   Level  Hunger
c - Mephitic Cloud        Conj/Pois/Air  ##......     13%         3    ###....
t - Tornado               Air            ###.......   100%        9    #######


Dungeon Overview and Level Annotations

Branches:
Dungeon (12/15)            Temple (1/1) D:6            Lair (6/6) D:10
  Swamp (0/4) Lair:2        Snake (0/4) Lair:2        Slime (0/5) Lair:6
    Orc (1/2) D:9

Altars:
Ashenzari
Cheibriados
Dithmenos
Elyvilon
Fedhas
Gozag
Hepliaklqana
Kikubaaqudgha
Makhleb
Nemelex Xobeh
Okawaru
Qazlal
Ru
Sif Muna
Trog
Uskayaw
Vehumet
Wu Jian
Xom
Yredelemnul
Zin
The Shining One
Beogh

Shops:
D:5 ?   D:8 %   D:12 *

Annotations:
Lair:1 exclusion: 4 oklob plants


Innate Abilities, Weirdness & Mutations

You have hooves in place of feet.
Armour fits poorly on your strangely shaped body.
You cover ground very quickly.
You have extremely tough skin. (AC +3)


Message History

The orc warrior hits you but does no damage.
An orc priest comes into view. It is wielding a mace.
The orc sorcerer gestures wildly while chanting.
The orc warrior hits you with a flail!!
The orc warrior hits you with a hand axe!
The orc priest calls upon Beogh to heal the orc sorcerer.
The orc sorcerer is healed somewhat.
You hear a shout!
The orc warrior hits you with a hand axe!
* * * LOW HITPOINT WARNING * * *
The orc priest casts a cantrip, but nothing happens.
The orc warrior hits you with a hand axe!
* * * LOW HITPOINT WARNING * * *
The orc sorcerer hits you but does no damage.
The orc warrior hits you with a flail!
* * * LOW HITPOINT WARNING * * *
The orc sorcerer hits you with a dagger.
* * * LOW HITPOINT WARNING * * *
The orc warrior hits you with a hand axe.
You die...

##<)....#....##
###.......#.##
.#. ####....###
... #....^..####
....
#....#...#.##
...##
.....#.#....#
#..... ....
##.....####....##
...
#......#(#).....#
... #........@#
#.......#..ooo#
#.....##....4.o#
#....#
#......(... ####.
.$...##....).
.##...(.# ....#.#
...$....##
##...## ###...#
..##


You could see an ice devil, an orc sorcerer, 2 orc warriors and an orc priest.

Vanquished Creatures
  The ghost of muddlingalong the Cleaver, a journeyman MiMo of Okawaru (D:11)
  The ghost of Chrigeo the Fencer, a journeyman HOFi of Beogh (D:11)
  4 hydras
  A merfolk avatar (Lair:6)
  16 death yaks
  Nergalle (Lair:3)
  The ghost of buskinjo the Quickloader, a novice KoHu of Okawaru (D:8)
  4 ugly things
  An orc knight (Bailey)
  A deep elf mage (D:12)
  11 elephants
  5 black mambas
  10 spiny frogs
  A torpor snail (Lair:5)
  6 rime drakes (Lair:6)
  7 komodo dragons
  3 polar bears (Lair:6)
  3 trolls (D:12)
  2 wind drakes (Lair:6)
  A hornet (Lair:6)
  5 blink frogs (Lair:4)
  5 dream sheep (Lair:6)
  12 hippogriffs
  7 slime creatures
  A shadow (D:12)
  A wraith (D:12)
  A human (D:8)
  26 yaks
  3 wyverns
  2 wargs
  A naga (Lair:2)
  13 water moccasins
  9 porcupines
  3 sky beasts
  An ice beast (D:6)
  7 orc warriors
  A phantom (D:5)
  A necrophage (D:8)
  4 black bears
  11 wolves
  5 centaurs
  5 ogres
  10 crocodiles
  A big kobold (D:11)
  8 bullfrogs
  A wyvern skeleton (D:12)
  2 scorpions
  A water moccasin skeleton (D:5)
  6 killer bees
  3 howler monkeys (D:12)
  13 wights
  An electric eel (Lair:1)
  A bullfrog zombie (D:8)
  4 crimson imps
  A centaur skeleton (D:12)
  10 orc priests
  4 hounds
  5 jellies
  A gnoll shaman (D:7)
  13 orc wizards
  An iguana (D:4)
  10 worker ants
  A killer bee zombie (D:4)
  A worker ant zombie (D:8)
  19 gnolls
  12 adders
  2 shadow imps (D:7)
  An adder zombie (D:7)
  2 adder skeletons
  6 worms
  A dart slug (D:1)
  6 leopard geckos
  49 orcs
  5 ball pythons
  5 giant cockroaches
  11 goblins
  9 hobgoblins
  18 jackals
  19 kobolds
  6 quokkas
  8 bats
  6 frilled lizards
  A leopard gecko skeleton (D:6)
  A quokka skeleton (D:4)
  8 rats
  A fungus (Lair:2)
  A plant (Lair:2)
499 creatures vanquished.

Vanquished Creatures (others)
  2 kobolds
  A bush (Lair:5)
  29 fungi
  34 plants
66 creatures vanquished.

Grand Total: 565 creatures vanquished

Notes
Turn   | Place    | Note
-------+----------+-------------------------------------------
     0 | D:1      | fly the Centaur Hunter began the quest for the Orb.
     0 | D:1      | Reached XP level 1. HP: 17/17 MP: 1/1
   201 | D:1      | Reached XP level 2. HP: 19/24 MP: 2/2
  1030 | D:1      | Reached XP level 3. HP: 20/30 MP: 3/3
  1725 | D:2      | Reached XP level 4. HP: 31/38 MP: 4/4
  2788 | D:3      | Reached skill level 5 in Crossbows
  2925 | D:3      | Found a roughly hewn altar of Beogh.
  3142 | D:3      | Reached XP level 5. HP: 37/45 MP: 5/5
  3555 | D:3      | Reached skill level 6 in Crossbows
  3630 | D:3      | Reached XP level 6. HP: 18/51 MP: 6/6
  4276 | D:3      | Found a glowing golden altar of the Shining One.
  4278 | D:3      | Noticed an angel
  4370 | D:3      | Found a basalt altar of Yredelemnul.
  4780 | D:4      | Reached skill level 1 in Armour
  5143 | D:4      | Reached XP level 7. HP: 39/57 MP: 7/7
  5430 | D:4      | Found a snail-covered altar of Cheibriados.
  5434 | D:4      | Found a shattered altar of Ashenzari.
  5756 | D:5      | Entered Level 5 of the Dungeon
  6316 | D:5      | Reached skill level 5 in Armour
  6316 | D:5      | Reached XP level 8. HP: 20/63 MP: 8/8
  6506 | D:5      | Found Gifraonner's Magic Scroll Shoppe.
  6509 | D:5      | Bought a scroll of identify for 24 gold pieces
  6509 | D:5      | Bought a scroll of fog for 24 gold pieces
  6509 | D:5      | Bought a scroll of teleportation for 36 gold pieces
  6509 | D:5      | Bought a scroll of identify for 24 gold pieces
  6509 | D:5      | Bought a scroll of fear for 42 gold pieces
  6509 | D:5      | Bought a scroll of immolation for 42 gold pieces
  6509 | D:5      | Bought a scroll of identify for 24 gold pieces
  7133 | D:6      | Found a staircase to the Ecumenical Temple.
  7145 | Temple   | Entered the Ecumenical Temple
  7201 | Temple   | Became a worshipper of Warmaster Okawaru
  7360 | D:6      | Found a snail-covered altar of Cheibriados.
  7930 | D:6      | Found a hazy altar of Hepliaklqana.
  7950 | D:6      | Found a glowing silver altar of Zin.
  7953 | D:6      | Found a hide-covered altar of Uskayaw.
  7956 | D:6      | Found an ancient bone altar of Kikubaaqudgha.
  7977 | D:6      | Reached * piety under Okawaru
  8087 | D:6      | Reached XP level 9. HP: 69/69 MP: 9/9
  8239 | D:6      | Found a shimmering altar of Xom.
  8969 | D:6      | Reached ** piety under Okawaru
  9270 | D:7      | Reached skill level 7 in Crossbows
  9753 | D:8      | Reached skill level 8 in Crossbows
  9763 | D:8      | Reached *** piety under Okawaru
  9881 | D:8      | Noticed buskinjo's ghost (novice KoHu)
  9916 | D:8      | Killed buskinjo's ghost
  9916 | D:8      | Received a gift from Okawaru
  9916 | D:8      | Reached XP level 10. HP: 29/78 MP: 10/10
 10453 | D:8      | Found Orcham's Food Emporium.
 10643 | D:8      | Reached skill level 5 in Fighting
 11177 | D:9      | Found a staircase to the Orcish Mines.
 11956 | D:10     | Entered Level 10 of the Dungeon
 12568 | D:10     | Reached skill level 1 in Spellcasting
 12679 | D:10     | Reached **** piety under Okawaru
 12872 | D:10     | Found a staircase to the Lair.
 13151 | Lair:1   | Entered Level 1 of the Lair of Beasts
 13274 | Lair:1   | Noticed a spiny frog
 13282 | Lair:1   | Killed a spiny frog
 13357 | Lair:1   | Reached skill level 9 in Crossbows
 13365 | Lair:1   | Learned a level 3 spell: Mephitic Cloud
 13429 | Lair:1   | Noticed a spiny frog
 13437 | Lair:1   | Killed a spiny frog
 13437 | Lair:1   | Reached skill level 1 in Conjurations
 13437 | Lair:1   | Reached skill level 1 in Air Magic
 13568 | Lair:1   | Noticed an oklob plant
 13568 | Lair:1   | Noticed an oklob plant
 13568 | Lair:1   | Noticed an oklob plant
 13728 | Lair:1   | Received a gift from Okawaru
 14108 | Lair:1   | Found a blossoming altar of Fedhas.
 14125 | Lair:1   | Noticed an oklob plant
 14537 | Lair:2   | Found a staircase to the Swamp.
 14579 | Lair:2   | Reached ***** piety under Okawaru
 14620 | Lair:2   | Received a gift from Okawaru
 14620 | Lair:2   | Reached XP level 11. HP: 14/89 MP: 17/17
 15481 | Lair:2   | Found a staircase to the Snake Pit.
 16229 | Lair:2   | Reached skill level 5 in Spellcasting
 16670 | D:11     | Noticed Chrigeo's ghost (journeyman HOFi)
 16684 | D:11     | Noticed muddlingalong's ghost (journeyman MiMo)
 16781 | D:10     | HP: 3/89 [bullfrog (3)]
 17105 | D:11     | Found a flagged portal.
 17109 | D:11     | Received a gift from Okawaru
 17116 | Bailey   | Entered a bailey
 17264 | Bailey   | Got a distressingly furry ring mail
 17353 | Bailey   | Noticed an orc knight
 17454 | Bailey   | Killed an orc knight
 17483 | Bailey   | Found a burning altar of Makhleb.
 17547 | Bailey   | Identified the cursed +0 ring mail "Vabetzeg" {Str+6 Stlth+} (You found it in a bailey)
 17751 | D:11     | Killed muddlingalong's ghost
 17751 | D:11     | Received a gift from Okawaru
 17806 | D:11     | Killed Chrigeo's ghost
 17806 | D:11     | Received a gift from Okawaru
 17806 | D:11     | Reached skill level 10 in Crossbows
 18056 | D:11     | Reached skill level 1 in Invocations
 18520 | D:5      | Bought a scroll of remove curse for 36 gold pieces
 18699 | D:12     | Noticed a cyan ugly thing
 18708 | D:12     | Noticed a green ugly thing
 19031 | D:12     | Noticed a six-headed hydra
 19158 | D:12     | Noticed a cyan ugly thing
 19387 | D:12     | Killed a six-headed hydra
 19413 | D:12     | Noticed a green ugly thing
 19430 | D:12     | Killed a green ugly thing
 19484 | D:11     | Killed a green ugly thing
 19484 | D:11     | Reached skill level 5 in Invocations
 19805 | D:11     | Killed a white ugly thing
 20126 | D:12     | Noticed a deep elf mage
 20133 | D:12     | Killed a deep elf mage
 20204 | D:12     | Killed a cyan ugly thing
 20204 | D:12     | Received a gift from Okawaru
 20204 | D:12     | Reached XP level 12. HP: 96/96 MP: 21/21
 20272 | D:12     | Found Utera's Assorted Antiques.
 20275 | D:12     | Reached skill level 11 in Crossbows
 20286 | D:12     | Bought a scroll of identify for 58 gold pieces
 21609 | Lair:3   | Reached skill level 12 in Crossbows
 22095 | Lair:3   | Found the ring of Shadows {Umbra +Inv Stlth+}
 22344 | Lair:3   | Noticed Nergalle
 22373 | Lair:3   | Killed Nergalle
 22731 | Lair:4   | Noticed a death yak
 22733 | Lair:4   | Noticed a death yak
 22764 | Lair:4   | Reached skill level 5 in Dodging
 22823 | Lair:4   | Killed a death yak
 22886 | Lair:4   | Killed a death yak
 23204 | Lair:4   | Noticed a death yak
 23225 | Lair:4   | Killed a death yak
 23225 | Lair:4   | Received a gift from Okawaru
 23232 | Lair:4   | Noticed a death yak
 23263 | Lair:4   | Noticed a death yak
 23306 | Lair:4   | Killed a death yak
 23306 | Lair:4   | Reached ****** piety under Okawaru
 23306 | Lair:4   | Reached XP level 13. HP: 68/107 MP: 22/22
 23684 | Lair:4   | Received a gift from Okawaru
 23685 | Lair:4   | Got a steaming quarterstaff {god gift}
 23688 | Lair:4   | Identified the +7 quarterstaff of Subterfuge {elec, +Fly rF+ Dex+3} (Okawaru gifted it to you on level 4 of the Lair of Beasts)
 24812 | Lair:5   | Reached skill level 5 in Conjurations
 24812 | Lair:5   | Reached skill level 5 in Air Magic
 24842 | Lair:5   | Received a gift from Okawaru
 25253 | Lair:6   | Entered Level 6 of the Lair of Beasts
 25881 | Lair:6   | Reached skill level 1 in Staves
 26798 | Lair:6   | Received a gift from Okawaru
 26799 | Lair:6   | Got an iridescent triple crossbow {god gift}
 26800 | Lair:6   | Identified the +3 triple crossbow of Zacvus {freeze, -Tele rPois Str+9 Stlth+} (Okawaru gifted it to you on level 6 of the Lair of Beasts)
 26948 | Lair:6   | Learned a level 9 spell: Tornado
 27574 | Lair:6   | Reached XP level 14. HP: 115/118 MP: 23/23
 27598 | Lair:6   | Received a gift from Okawaru
 27899 | Lair:6   | Found a staircase to the Slime Pits.
 27997 | Lair:6   | Received a gift from Okawaru
 28118 | Lair:6   | Got a steaming triple crossbow {god gift}
 28119 | Lair:6   | Identified the +6 triple crossbow "Jellyslayer" {venom, +Blink} (Okawaru gifted it to you on level 6 of the Lair of Beasts)
 28326 | Lair:6   | Got a polished long sword
 28327 | Lair:6   | Identified the cursed +1 long sword "Erphiechu" {venom, *Corrode rElec rC+} (You found it on level 6 of the Lair of Beasts)
 28883 | Orc:1    | Entered Level 1 of the Orcish Mines
 28988 | Orc:1    | Paralysed by an orc sorcerer for 7 turns
 28994 | Orc:1    | HP: 3/118 [orc sorcerer/dagger (5)]
 28994 | Orc:1    | Slain by an orc warrior

Skill      XL: |  1  2  3  4  5  6  7  8  9 10 11 12 13 14 |
---------------+-------------------------------------------+-----
Dodging        | 2 3 6 7 |  7.0
Fighting       | 3 4 6 7 9 |  9.0
Crossbows      | 5 6 8 9 10 12 | 12.0
Armour         | 2 5 7 9 |  9.0
Spellcasting   | 4 6 7 |  7.1
Conjurations   | 3 6 |  6.0
Air Magic      | 3 6 7 |  7.6
Invocations    | 6 7 |  7.0
Staves         | 3 |  3.0
Stealth        | |  0.4

Action                   |  1- 3 |  4- 6 |  7- 9 | 10-12 | 13-15 || total
-------------------------+-------+-------+-------+-------+-------++-------
Melee: Short sword       |   117 |   125 |       |       |       ||   242
       Kick              |    20 |    48 |   150 |   170 |    50 ||   438
       Flail             |       |    69 |   465 |   288 |       ||   822
       Dagger            |       |       |    34 |   114 |       ||   148
       Scimitar          |       |       |       |   114 |     3 ||   117
       Quarterstaff      |       |       |       |       |   136 ||   136
 Fire: Hand crossbow     |    23 |    79 |    62 |   121 |       ||   285
       Arbalest          |       |       |       |   276 |   136 ||   412
       Triple crossbow   |       |       |       |       |    92 ||    92
 Cast: Mephitic Cloud    |       |       |       |     4 |     5 ||     9
Invok: Heroism           |       |       |       |     1 |       ||     1
Evoke: Wand              |       |       |    12 |    42 |    14 ||    68
  Use: Scroll            |     2 |     6 |     6 |    15 |     3 ||    32
       Potion            |       |       |       |     6 |     1 ||     7
 Stab: Confused          |       |       |       |     6 |     7 ||    13
  Eat: Chunk             |       |    10 |    13 |    26 |    13 ||    62
       Ration            |       |       |       |     3 |     1 ||     4
Armor: Leather armour    |    41 |    27 |       |       |       ||    68
       Ring mail         |       |    58 |   206 |    79 |    50 ||   393
       Chain mail        |       |    19 |    21 |       |       ||    40
       Robe              |       |    12 |       |    82 |       ||    94
       Plate armour      |       |       |   257 |   191 |       ||   448
Dodge: Dodged            |    66 |    80 |   165 |   287 |   120 ||   718
       Deflected         |       |       |       |    26 |     4 ||    30
Block: Other             |       |       |       |    64 |    27 ||    91
       Reflection        |       |       |       |    11 |     1 ||    12
       Rpst.: Scimitar   |       |       |       |    24 |       ||    24
